 Dungeon Crawl Stone Soup version 0.29-a0-378-gc08b2e8bf8 (webtiles) character file.

Game seed: 8203354047642695212

698 NinjaNoafa the Ruffian (level 7, -6/61 HPs)
             Began as a Troll Fighter on May 4, 2022.
             Was a Believer of Wu Jian.
             Mangled by a lemure (8 damage)
             ... led by Pikel
             ... on level 5 of the Dungeon.
             The game lasted 00:08:00 (3276 turns).

NinjaNoafa the Ruffian (Troll Fighter)              Turns: 3276, Time: 00:08:01

Health: -6/61      AC:  4    Str: 27      XL:     7   Next: 38%
Magic:  6/6        EV: 13    Int:  0 (2)  God:    Wu Jian [**....]
Gold:   209        SH:  7    Dex:  8 (9)  Spells: 6/6 levels left

rFire   . . .      SeeInvis .     - Unarmed
rCold   . . .      Faith    +   b - +0 kite shield
rNeg    . . .      Spirit   .   a - +0 robe
rPois   .          Reflect  .   (helmet restricted)
rElec   .          Harm     .   i - +0 cloak
rCorr   .          Rampage  .   (gloves unavailable)
Will    .....                   (boots unavailable)
Stlth   +.........              l - amulet of faith
HPRegen 1.00/turn               n - +4 ring of evasion
MPRegen 0.10/turn               (no ring)

@: slowed, lost intelligence, unable to read, very slow
A: large, unfitting armour, claws 3, regeneration 1, shaggy fur 1, tough skin 1,
deformed body, deterioration 1, dopey 1, frail 1
a: Renounce Religion, Wall Jump


You were on level 5 of the Dungeon.
You worshipped Wu Jian.
Wu Jian was pleased with you.
You visited 1 branch of the dungeon, and saw 5 of its levels.

You collected 209 gold pieces.

Inventory:

Missiles
 o - 14 poisoned darts (quivered)
 w - a throwing net
Armour
 a - a +0 robe (worn)
 b - a +0 kite shield (worn)
 i - a +0 cloak (worn)
Jewellery
 l - an amulet of faith (around neck)
 n - a +4 ring of evasion (left claw)
 s - an amulet of regeneration
Scrolls
 c - a scroll of vulnerability {unknown}
 d - a scroll of acquirement {unknown}
 e - 4 scrolls of summoning {unknown}
 g - 2 scrolls of teleportation {unknown}
 k - 7 scrolls of identify {unknown}
 m - a scroll of noise {unknown}
 q - 2 scrolls of fear {unknown}
 r - 2 scrolls of enchant armour {unknown}
 t - a scroll of amnesia {unknown}
Potions
 h - 2 potions of curing
 p - a potion of brilliance
 v - a potion of attraction


   Skills:
 + Level 3.8 Fighting
 + Level 3.8 Dodging
 + Level 3.9 Shields
 * Level 5.4 Unarmed Combat


You had 6 spell levels left.
You didn't know any spells.
Your spell library contained the following spells:

 Spells                   Type           Power      Damage    Failure   Level
 Sandblast                Erth           0%         2d4       86%         1
 Corpse Rot               Necr/Air       0%         N/A       95%         2
 Passwall                 Tmut/Erth      0%         N/A       95%         2
 Call Canine Familiar     Summ           0%         N/A       99%         3
 Frozen Ramparts          Ice            0%         1d2       99%         3
 Gell's Gravitas          Tloc           0%         N/A       99%         3
 Lesser Beckoning         Tloc           0%         N/A       99%         3
 Portal Projectile        Hex/Tloc       0%         N/A       99%         3
 Stone Arrow              Conj/Erth      0%         3d7       99%         3
 Teleport Other           Tloc           0%         N/A       99%         3
 Dispel Undead            Necr           0%         3d6       100%        4
 Ice Form                 Ice/Tmut       0%         N/A       100%        4
 Leda's Liquefaction      Hex/Erth       0%         N/A       100%        4
 Summon Ice Beast         Ice/Summ       0%         N/A       100%        4
 Death Channel            Necr           0%         N/A       100%        6


Dungeon Overview and Level Annotations

Branches:
Dungeon (5/15)
 Temple: D:4-7

Altars:
Qazlal
Wu Jian

Annotations:
D:4 2 transporters
D:5 3 runed translucent doors, NateTC's ghost, amateur DrGl; Pikel


Innate Abilities, Weirdness & Mutations

You are too large for most types of armour.
You have claws for hands.
Your natural rate of healing is unusually fast.
You are covered in fur. (AC +1)
You have tough skin. (AC +1)
Armour fits poorly on your strangely shaped body.
Your body sometimes deteriorates upon taking damage.
You are dopey. (Int -2)
You are frail. (-10% HP)


Message History

Pikel freezes you. The lemure closely misses you.
You barely miss Pikel. The lemure hits you. Pikel completely misses you.
You block the lemure's attack. The lemure hits you.
The lemure closely misses you. The lemure hits you.
The lemure hits you but does no damage. The lemure misses you.
You block Pikel's attack.
You scratch Pikel but do no damage. The lemure closely misses you.
Pikel hits you with a +1 whip of freezing!
Pikel freezes you. The lemure hits you. The lemure barely misses you.
The lemure hits you.
Okay, then.
You scratch Pikel but do no damage. The lemure hits you.
Pikel hits you with a +1 whip of freezing.
Pikel freezes you. The lemure completely misses you.
You block the lemure's attack. The lemure hits you.
* * * LOW HITPOINT WARNING * * *
The lemure hits you.
* * * LOW HITPOINT WARNING * * *
The lemure hits you.
* * * LOW HITPOINT WARNING * * *
The lemure hits you.
* * * LOW HITPOINT WARNING * * *
The lemure hits you.
* * * LOW HITPOINT WARNING * * *
Pikel misses you.
You feel better. The lemure completely misses you. You block Pikel's attack.
The lemure hits you.
* * * LOW HITPOINT WARNING * * *
The lemure hits you.
* * * LOW HITPOINT WARNING * * *
You block the lemure's attack. The lemure attacks as you move away!
The lemure barely misses you. The lemure attacks as you move away!
The lemure closely misses you. Pikel attacks as you move away!
Pikel hits you with a +1 whip of freezing!
* * * LOW HITPOINT WARNING * * *
Pikel freezes you.
* * * LOW HITPOINT WARNING * * *
The lemure hits you!
You die...

#..#.### #..#...#########
## #...............##.#
#..####..###.....#.######
#..####.## #..#.........
#.......# #..#.........
#.......# #..#......^..
#....##.#####....5.......
#....##.....##.#@K5......
รท....######..#.#55.......
.....# ##.............
.....# ###...........
###### ###.........
#......... ##########


You could see Pikel and 4 lemures.

Vanquished Creatures
  Eustachio (D:5)
  A necrophage (D:4)
  A bullfrog (D:4)
  A scorpion (D:5)
  A howler monkey (D:4)
  2 hounds
  An iguana (D:5)
  2 orc wizards (D:4)
  6 adders
  4 gnolls (D:4)
  2 white imps (D:5)
  3 worms
  4 dart slugs
  10 orcs
  10 ball pythons
  9 endoplasms
  2 giant cockroaches
  A goblin (D:4)
  7 hobgoblins
  3 quokkas
  3 bats
  4 frilled lizards
  4 kobolds
  5 rats (D:1)
87 creatures vanquished.

Notes
Turn   | Place    | Note
-------+----------+-------------------------------------------
     0 | D:1      | NinjaNoafa the Troll Fighter began the quest for the Orb.
     0 | D:1      | Reached XP level 1. HP: 22/22 MP: 0/0
   260 | D:1      | Reached XP level 2. HP: 29/29 MP: 1/1
   823 | D:1      | Found a faded altar of an unknown god.
   916 | D:2      | Reached XP level 3. HP: 36/36 MP: 2/2
  1094 | D:2      | Reached skill level 3 in Unarmed Combat
  1274 | D:2      | Found an ornate altar of the Wu Jian Council.
  1334 | D:2      | Became a worshipper of the Wu Jian Council
  1799 | D:3      | Found a stormy altar of Qazlal.
  1851 | D:3      | Reached XP level 4. HP: 44/44 MP: 3/3
  2445 | D:4      | Noticed a necrophage
  2453 | D:4      | Killed a necrophage
  2453 | D:4      | Reached * piety under Wu Jian
  2454 | D:4      | Reached XP level 5. HP: 47/53 MP: 4/4
  2499 | D:4      | Reached skill level 4 in Unarmed Combat
  2535 | D:4      | Found a transporter.
  2535 | D:4      | Noticed a fire bat
  2538 | D:4      | Noticed a fire bat
  2597 | D:4      | Reached XP level 6. HP: 60/61 MP: 5/5
  2643 | D:4      | Found a transporter.
  2869 | D:5      | Entered Level 5 of the Dungeon
  2877 | D:5      | Gained mutation: Your system is resistant to poisons.
                  | (rPois) [potion of mutation]
  2887 | D:5      | Reached ** piety under Wu Jian
  2957 | D:5      | Lost mutation: Your system is resistant to poisons. (rPois)
                  | [potion of mutation]
  2957 | D:5      | Gained mutation: You are frail. (-10% HP) [potion of
                  | mutation]
  2957 | D:5      | Gained mutation: You have sharp toenails. [potion of
                  | mutation]
  2957 | D:5      | Gained mutation: Your mind is acute. (Int +2) [potion of
                  | mutation]
  2958 | D:5      | Lost mutation: You have sharp toenails. [potion of
                  | mutation]
  2958 | D:5      | Lost mutation: Your mind is acute. (Int +2) [potion of
                  | mutation]
  2958 | D:5      | Gained mutation: Your body sometimes deteriorates upon
                  | taking damage. [potion of mutation]
  2958 | D:5      | Lost intelligence.
  2958 | D:5      | Gained mutation: You are dopey. (Int -2) [potion of
                  | mutation]
  2958 | D:5      | Gained mutation: Armour fits poorly on your strangely
                  | shaped body. [potion of mutation]
  2966 | D:5      | Found a runed translucent gate.
  2967 | D:5      | Found a runed translucent gate.
  2968 | D:5      | Found a runed translucent gate.
  2992 | D:5      | Noticed a vampire mosquito
  2992 | D:5      | Noticed NateTC's ghost (amateur DrGl)
  3048 | D:5      | Reached skill level 5 in Unarmed Combat
  3048 | D:5      | Reached XP level 7. HP: 61/61 MP: 6/6
  3174 | D:5      | Noticed Eustachio
  3210 | D:5      | Killed Eustachio
  3268 | D:5      | Noticed Pikel
  3274 | D:5      | HP: 3/61 [lemure[Pikel] (6)]
  3276 | D:5      | HP: 1/61 [Pikel/+1 whip of freezing (2)]
  3276 | D:5      | Mangled by a lemure

Illustrated notes

Levels and vault maps discovered:
D:1:      minmay_arrival_five_plusses, layout_basic,
          shapermc_ecumenical_altar_petra
D:2:      layout_loops_corners, basic_altar
D:3:      layout_basic, mainiacjoe_overflow_catwalk,
          nicolae_concentric_dashed_squares_wild
D:4:      gammafunk_cloud_chamber, layout_basic
D:5:      layout_rooms, minmay_temple_entry_from_below_b, gammafunk_ghost_split,
          uniq_eustachio, uniq_pikel

Skill      XL: |  1  2  3  4  5  6 |
---------------+-------------------+-----
Unarmed Combat | 3 4 5 |  5.4
Shields        | 3 |  3.9
Fighting       | 3 |  3.8
Dodging        | 3 |  3.8

Action                   |  1- 3 |  4- 6 |  7- 9 || total
-------------------------+-------+-------+-------++-------
Melee: Unarmed           |   101 |   145 |    22 ||   268
Throw: Dart              |    10 |       |       ||    10
Invok: Lunge             |       |    11 |       ||    11
       Whirlwind         |       |     3 |     2 ||     5
 Abil: Wall Jump         |       |       |     2 ||     2
  Use: Potion            |       |    10 |     3 ||    13
 Stab: Sleeping          |       |     1 |       ||     1
       Invisible         |       |       |     2 ||     2
Armor: Robe              |    34 |    37 |     5 ||    76
Dodge: Dodged            |    43 |    83 |    58 ||   184
Block: Kite shield       |    30 |    49 |    18 ||    97

Table legend: (Time is in decaauts)
 A = Elapsed time spent in this place.
 B = Non-inter-level travel time spent in this place.
 C = Inter-level travel time spent in this place.
 D = Time resting spent in this place.
 E = Time spent auto-exploring this place.
 F = Levels seen in this place.
 G = Mean time per level.
                   A        B        C        D        E       F      G
               +--------+--------+--------+--------+--------+-----+--------+
         Total |   3442 |   3335 |    107 |      0 |   2471 |   5 |  688.4 |
       Dungeon |   3442 |   3335 |    107 |      0 |   2471 |   5 |  688.4 |
               +--------+--------+--------+--------+--------+-----+--------+

Top non-repeatable levels by time:
     D:2: 945 daAuts
     D:1: 854 daAuts
     D:3: 603 daAuts
     D:5: 554 daAuts
     D:4: 485 daAuts
